 Dungeon Crawl Stone Soup version 0.26-a0-651-gb41185065b (webtiles) character file.

Game seed: 158964879406665954

259103 Flugslaktarn the Severer (level 18, -3/169 HPs)
             Began as a Deep Dwarf Fighter on Oct 9, 2020.
             Was the Champion of Makhleb.
             Slain by a balrug
             ... wielding a +4 demon whip of electrocution
             ... summoned by a lich
              (7 damage)
             ... on level 3 of the Depths.
             The game lasted 00:16:32 (19841 turns).

Flugslaktarn the Severer (Deep Dwarf Fighter)      Turns: 19841, Time: 00:16:33

Health: -3/169     AC: 39    Str: 20    XL:     18   Next: 66%
Magic:  4/11       EV: 12    Int: 11    God:    Makhleb [******]
Gold:   2491       SH: 14    Dex: 16    Spells: 17/17 levels left

rFire    . . .     SeeInvis .   a - +6 broad axe (flame)
rCold    + . .     Faith    .   L - +2 kite shield {reflect}
rNeg     + . .     Spirit   .   M - +4 plate armour {rC+}
rPois    .         Reflect  +   u - +1 helmet
rElec    .         Harm     .   I - +0 cloak
rCorr    .         Rampage  .   j - +2 pair of gloves
MR       ++...                  K - +2 pair of boots
Stlth    ..........             R - amulet of the acrobat
HPRegen  0.00/turn              B - +4 ring of protection
MPRegen  0.12/turn              p - +4 ring of protection

@: lethally poisoned (-3 -> -12), liquid flames, non-regenerating, hasted,
glowing, lightly drained, very quick
A: damage resistance, heal wounds, clumsy 1, frail 1, mutation resistance 1,
negative energy resistance 1, sense surroundings 3, no regeneration
}: 3/15 runes: decaying, abyssal, gossamer
a: Heal Wounds, Minor Destruction, Lesser Servant of Makhleb, Major Destruction,
Greater Servant of Makhleb, Renounce Religion


You were on level 3 of the Depths.
You worshipped Makhleb.
Makhleb was exalted by your worship.
You visited 7 branches of the dungeon, and saw 33 of its levels.
You visited the Abyss 1 time.
You visited 1 bazaar.
You also visited: Gauntlet.

You collected 3226 gold pieces.
You spent 735 gold pieces at shops.

Inventory:

Hand Weapons
 a - a +6 broad axe of flaming (weapon)
   (You took it off a tengu warrior on level 15 of the Dungeon)
 b - a +2 dagger of distortion
   (You took it off Psyche on level 12 of the Dungeon)
Missiles
 J - 6 throwing nets (quivered)
Armour
 j - a +2 pair of gloves (worn)
   (You found it on level 5 of the Dungeon)
 s - a +4 chain mail
   (You took it off an orc on level 4 of the Dungeon)
 u - a +1 helmet (worn)
   (You found it on level 6 of the Dungeon)
 I - a +0 cloak (worn)
   (You took it off Maurice on level 8 of the Dungeon)
 K - a +2 pair of boots (worn)
   (You bought it in a shop in a bazaar)
 L - a +2 kite shield of reflection (worn)
   (You found it on level 13 of the Dungeon)
 M - a +4 plate armour of cold resistance (worn)
   (You took it off an orc warlord on level 1 of the Orcish Mines)
 V - a +0 chain mail of poison resistance
   (You took it off an orc warrior on level 13 of the Dungeon)
Jewellery
 c - an uncursed ring of protection from cold
   (You found it on level 7 of the Dungeon)
 f - an uncursed ring of protection from fire
   (You found it on level 6 of the Dungeon)
 p - a +4 ring of protection (right hand)
   (You found it in a Gauntlet)
 B - a +4 ring of protection (left hand)
   (You took it off an orc on level 13 of the Dungeon)
 H - an uncursed ring of see invisible {unknown}
   (You found it on level 4 of the Swamp)
 R - an amulet of the acrobat (around neck)
   (You found it on level 15 of the Dungeon)
Wands
 g - a wand of digging (19)
   (You took it off Ijyb on level 5 of the Dungeon)
 m - a wand of acid (38)
   (You found it on level 5 of the Dungeon)
 o - a wand of paralysis (34)
   (You found it on level 10 of the Dungeon)
 G - a wand of iceblast (36)
   (You found it on level 8 of the Dungeon)
 N - a wand of enslavement (10)
   (You found it in a Gauntlet)
Scrolls
 e - a scroll of immolation
 l - a scroll of magic mapping
 r - 4 scrolls of identify
 t - 9 scrolls of teleportation
 x - 6 scrolls of remove curse
 y - 2 scrolls of holy word
 z - 2 scrolls of blinking
 A - 2 scrolls of enchant armour
 C - 4 scrolls of fog
 O - 4 scrolls of fear
 S - a scroll of brand weapon
Potions
 d - a potion of might
 i - 4 potions of invisibility
 k - 2 potions of flight
 n - 2 potions of resistance
 q - 7 potions of curing
 w - 2 potions of heal wounds
 D - 7 potions of ambrosia
 E - 2 potions of cancellation
 P - 2 potions of magic
 Q - a potion of berserk rage
 T - a potion of lignification
 U - a potion of mutation
Miscellaneous
 F - a condenser vane (1/2)
   (You bought it in a shop on level 8 of the Dungeon)


   Skills:
 * Level 18.0(17.5) Fighting
 - Level 18.0(17.4) Axes
 + Level 14.0(13.5) Armour
 - Level 11.0(10.5) Dodging
 + Level 11.5(11.0) Shields
 + Level 14.5(13.9) Invocations
 - Level 10.0(9.5) Evocations


You had 17 spell levels left.
You didn't know any spells.
Your spell library was empty.

Dungeon Overview and Level Annotations

Branches:
Dungeon (15/15)            Temple (1/1) D:7            Lair (4/6) D:9
  Swamp (4/4) Lair:4       Spider (4/4) Lair:3          Orc (2/2) D:12
    Elf (0/3) Orc:2        Vaults (0/5) D:14         Depths (3/5) D:15
Gauntlet (visited)

Altars:
Ashenzari
Dithmenos
Elyvilon
Fedhas
Kikubaaqudgha
Makhleb
Qazlal
Ru
Sif Muna
Trog
Uskayaw
Vehumet
Yredelemnul
The Shining One
Beogh

Shops:
D:5 *   D:8 }   D:11 !   D:12 (   Orc:2 *(:(

Annotations:
D:4 loralnil's ghost, amateur OpTm
D:15 Roxanne
Lair:1 2 transporters, Dollipek's ghost, journeyman FoFi
Lair:3 exclusion: 2 oklob plants
Orc:1 2 transporters, Uclu's ghost, journeyman DDFi
Depths:2 exclusion: orange crystal statue
Depths:3 3 runed translucent doors, zikan's ghost, veteran DsFi


Innate Abilities, Weirdness & Mutations

You are resistant to damage.
You can heal yourself by infusing magical energy.
You resist negative energy. (rN+)
You passively map a large area around you.
You do not regenerate.
You are clumsy. (Dex -2)
You are frail. (-10% HP)
You are somewhat resistant to further mutation.


Message History

You slice something!! You burn something. You barely miss the balrug.
You closely miss the tengu reaver.
You hit the Tzitzimitl but do no damage.
You are covered in liquid flames!
You feel sick.
The Tzitzimitl calls on the powers of darkness!
Your body is wracked with pain!
* * * LOW HITPOINT WARNING * * *
The tengu reaver convulses!
The hell knight convulses!
The tengu reaver points at you and mumbles some strange words.
The bolt of lightning hits you!!
* * * LOW HITPOINT WARNING * * *
Something touches you but does no damage.
You are too injured to fight recklessly!
You miss something. You hit the Tzitzimitl. You burn the Tzitzimitl.
You closely miss the tengu reaver. You closely miss the balrug.
You are covered in liquid flames!
* * * LOW HITPOINT WARNING * * *
x2 You feel sick.
The balrug hits you but does no damage.
You are electrocuted!
You die...

*## ####.#####
#.........
###....##...
##...........
###.......*....
#...........>..., *
#................
##....1@.........#*
#.....Q2{........#
**
#.....p...$......#
##...§§.........##
*,
##..§)§..........#*
,
#...)§§§...^......#
##§§§§§#..........#
, #§§≈§§#.........#
≈ #≈.§§§#<........#
,


You could see a Tzitzimitl (summoned), a tengu reaver (very poisoned), a balrug
(summoned), a hell knight (very poisoned) and a battlesphere.

Vanquished Creatures
  Mara (Swamp:3)
  Bai Suzhen (Swamp:3)
  the Lernaean hydra (Swamp:4)
  A profane servitor (Abyss:4)
  Rupert (Lair:4)
  An Executioner (Abyss:4)
  3 tentacled starspawn (Abyss:4)
  Agnes (D:15)
  2 tengu reavers (Abyss:4)
  A thorn hunter (Swamp:3)
  A shadow dragon (Depths:3)
  A fire giant (Depths:3)
  A frost giant (Depths:2)
  3 deep elf sorcerers (Abyss:4)
  An orc warlord (Orc:1)
  5 emperor scorpions (Spider:4)
  4 ghost moths
  A very ugly thing (Abyss:4)
  A stone giant (Depths:3)
  An entropy weaver (Spider:3)
  A dire elephant (Abyss:4)
  3 spark wasps
  A minotaur (Gauntlet)
  An eidolon (Abyss:4)
  Snorg (Orc:1)
  A death ooze (Gauntlet)
  A great orb of eyes (Abyss:4)
  A yaktaur captain (Depths:3)
  An ogre mage (D:15)
  A vault guard (D:14)
  Harold (Lair:2)
  2 rakshasas (Abyss:4)
  4 centaur warriors
  An ice dragon (Depths:3)
  11 hydras (Swamp:4)
  7 alligators
  2 shambling mangroves (Abyss:4)
  A satyr (Abyss:4)
  A death knight (D:11)
  6 two-headed ogres
  A catoblepas (D:13)
  3 orc high priests (Orc:2)
  A spriggan berserker (Depths:3)
  A tengu warrior (D:15)
  A thrashing horror (Abyss:4)
  3 spriggans (Swamp:4)
  Urug (Lair:3)
  A spatial maelstrom (Abyss:4)
  An iron troll (D:14)
  A salamander mystic (Depths:3)
  An unseen horror (D:14)
  A skeletal warrior (D:15)
  A spriggan druid (Swamp:4)
  2 glowing orange brains (Gauntlet)
  7 swamp dragons
  A flayed ghost (D:15)
  3 harpies (D:13)
  10 orb spiders
  A mana viper (Depths:2)
  A necromancer (D:15)
  7 orc knights
  6 orc sorcerers
  A wolf spider zombie (D:12)
  A deep elf mage (D:15)
  26 wolf spiders
  21 ugly things
  A frost giant zombie (D:15)
  A fire giant zombie (D:15)
  5 worldbinders (Abyss:4)
  2 salamanders (Depths:3)
  4 manticores
  A moth of wrath (Gauntlet)
  3 elephants (Lair:4)
  Maurice (D:8)
  Joseph (D:8)
  3 cyclopes
  A frost giant skeleton (Abyss:4)
  A black mamba (Lair:2)
  Psyche (D:12)
  3 apocalypse crabs (Abyss:4)
  2 water nymphs (Abyss:4)
  3 gargoyles
  2 smoke demons (Abyss:4)
  6 large abominations (Abyss:4)
  11 cane toads
  A hellion (Abyss:4)
  Maggie (D:6)
  2 komodo dragons
  2 freezing wraiths
  2 yaktaurs
  A guardian mummy (D:15)
  21 demonic crawlers
  An anaconda simulacrum (Depths:2)
  3 tengu conjurers
  A spriggan skeleton (D:15)
  8 trolls
  Prince Ribbit (D:6)
  3 meliai (D:13)
  13 jumping spiders
  18 hornets
  A queen bee (D:13)
  5 raiju
  5 hippogriffs
  A deep troll zombie (D:15)
  Grinder (D:6)
  23 slime creatures
  6 tyrant leeches
  4 blink frogs (Lair:4)
  2 water elementals
  43 redbacks
  2 shadows
  5 wraiths
  A ynoxinul (Abyss:4)
  15 tarantellas
  3 vampires
  A wyvern (D:13)
  21 yaks
  2 steam dragons
  3 basilisks (D:13)
  Menkaure (D:7)
  8 vampire mosquitoes (Swamp:4)
  A neqoxec (Abyss:4)
  6 wargs
  9 swamp worms
  Edmund (D:4)
  A spatial vortex (Abyss:4)
  2 acid dragons
  4 water moccasins
  A hydra simulacrum (Depths:2)
  11 swamp drakes
  7 hell hounds (Depths:2)
  7 porcupines
  4 ice beasts
  38 orc warriors
  2 sky beasts
  4 black bears
  A hornet zombie (D:13)
  13 ogres
  2 boggarts (Depths:2)
  An eye of draining (D:13)
  16 centaurs
  9 wolves
  10 crocodiles
  2 big kobolds
  12 bullfrogs
  A wyvern skeleton (D:8)
  4 scorpions
  16 killer bees (D:13)
  10 wights
  3 electric eels
  5 howler monkeys
  4 centaur zombies
  A bullfrog zombie (D:7)
  7 starcursed masses (Abyss:4)
  5 jellies
  A quasit (D:12)
  26 orc priests
  5 hounds
  A gnoll shaman (D:6)
  3 centaur skeletons
  2 bullfrog skeletons
  3 iguanas
  Ijyb (D:5)
  14 worker ants
  25 orc wizards
  A killer bee zombie (D:10)
  7 gnolls
  2 worker ant zombies
  8 adders
  2 shadow imps (D:6)
  3 white imps
  6 ufetubi
  An adder zombie (D:7)
  An adder skeleton (D:8)
  3 worms
  A dart slug (D:1)
  7 leopard geckos
  93 orcs
  A ball python (D:5)
  4 giant cockroaches
  6 goblins
  7 hobgoblins
  14 jackals
  5 quokkas
  8 frilled lizards
  2 jackal skeletons (D:5)
  15 kobolds
  2 rats
  4 briar patches (Swamp:3)
  A lurking horror (Abyss:4)
  8 starspawn tentacles (Abyss:4)
980 creatures vanquished.

Vanquished Creatures (collateral kills)
  A ghost moth (Spider:4)
  An entropy weaver (Spider:3)
  A hydra (Lair:3)
  3 thrashing horrors (Abyss:4)
  2 orb spiders (Spider:3)
  A wolf spider (Spider:3)
  A moth of wrath (Spider:3)
  An ancient zyme (Abyss:4)
  A hornet (Spider:3)
  3 jumping spiders (Spider:3)
  A redback (Spider:3)
  An orc warrior (Orc:1)
  A crocodile (Lair:3)
18 creatures vanquished.

Vanquished Creatures (others)
  A starcursed mass (Abyss:4)
  A swamp dragon (Swamp:4)
  A cane toad (Swamp:4)
  A swamp drake (Swamp:4)
  3 boggarts (Depths:2)
  A centaur (D:12)
  An orc priest (Orc:2)
  2 orc wizards
  35 plants
  6 starspawn tentacles (Abyss:4)
  3 toadstools (Depths:1)
  12 withered plants
67 creatures vanquished.

Grand Total: 1065 creatures vanquished

Notes
Turn   | Place    | Note
-------+----------+-------------------------------------------
     0 | D:1      | Flugslaktarn the Deep Dwarf Fighter began the quest for the
                  | Orb.
     0 | D:1      | Reached XP level 1. HP: 20/20 MP: 1/1
   179 | D:1      | Reached XP level 2. HP: 20/27 MP: 2/2
   267 | D:2      | Found a shadowy altar of Dithmenos.
   413 | D:3      | Found a sacrificial altar of Ru.
   429 | D:3      | Reached XP level 3. HP: 23/34 MP: 3/3
   484 | D:4      | Reached XP level 4. HP: 24/42 MP: 4/4
   614 | D:4      | Noticed Edmund
   644 | D:4      | Killed Edmund
   644 | D:4      | Reached XP level 5. HP: 27/50 MP: 5/5
   882 | D:4      | Identified the +1 dagger "Geruli" {elec, +Fly rElec Int+3
                  | Dex+3}
   883 | D:4      | Found a runed translucent gate.
   883 | D:4      | Found a runed translucent gate.
   883 | D:4      | Noticed loralnil's ghost (amateur OpTm)
   884 | D:4      | Found a runed translucent gate.
   885 | D:4      | Found a roughly hewn altar of Beogh.
  1188 | D:4      | Reached XP level 6. HP: 52/57 MP: 6/6
  1514 | D:5      | Entered Level 5 of the Dungeon
  1565 | D:5      | Found Otipid's General Store.
  1650 | D:5      | Reached skill level 5 in Axes
  1658 | D:5      | Reached XP level 7. HP: 39/66 MP: 6/6
  1770 | D:5      | Reached skill level 1 in Dodging
  1781 | D:5      | Noticed Ijyb
  1798 | D:5      | Killed Ijyb
  1827 | D:5      | Reached skill level 5 in Fighting
  1915 | D:5      | Reached skill level 5 in Armour
  2123 | D:5      | Found a bloodstained altar of Trog.
  2203 | D:5      | Reached XP level 8. HP: 54/75 MP: 7/7
  2461 | D:6      | Noticed Maggie
  2485 | D:6      | Killed Maggie
  2544 | D:6      | Noticed Prince Ribbit
  2726 | D:6      | Killed Prince Ribbit
  2726 | D:6      | Gained mutation: You passively map the area around you.
                  | [Deep Dwarf growth]
  2726 | D:6      | Reached XP level 9. HP: 49/85 MP: 3/3
  2984 | D:6      | Noticed Grinder
  3015 | D:6      | Killed Grinder
  3326 | D:7      | Found a hide-covered altar of Uskayaw.
  3347 | D:7      | Noticed Menkaure
  3367 | D:7      | Killed Menkaure
  3555 | D:7      | Found an ancient bone altar of Kikubaaqudgha.
  3555 | D:7      | Found a blossoming altar of Fedhas.
  3784 | D:7      | Reached skill level 5 in Dodging
  3833 | D:7      | Found a staircase to the Ecumenical Temple.
  3863 | Temple   | Entered the Ecumenical Temple
  4010 | Temple   | Became a worshipper of Makhleb the Destroyer
  4257 | D:7      | Found a stormy altar of Qazlal.
  4397 | D:8      | Reached skill level 1 in Invocations
  4397 | D:8      | Reached skill level 1 in Evocations
  4521 | D:8      | Noticed Joseph
  4543 | D:8      | Killed Joseph
  4543 | D:8      | Reached XP level 10. HP: 43/96 MP: 4/4
  4631 | D:8      | Reached * piety under Makhleb
  4638 | D:8      | Found Odghauvus's Gadget Emporium.
  4644 | D:8      | Bought a condenser vane (2/2) for 300 gold pieces
  4652 | D:8      | Noticed Maurice
  4724 | D:8      | Killed Maurice
  4903 | D:8      | Noticed a two-headed ogre
  4910 | D:8      | Killed a two-headed ogre
  5251 | D:9      | Identified a scroll of acquirement
  5251 | D:9      | Acquired 532 gold pieces
  5255 | D:9      | Gained mutation: You expend magic power (3 MP) to
                  | strengthen your wands. [potion of mutation]
  5255 | D:9      | Gained mutation: You occasionally shout uncontrollably at
                  | your foes. [potion of mutation]
  5255 | D:9      | Gained mutation: You are partially covered in thin metallic
                  | scales. (AC +2) [potion of mutation]
  5325 | D:9      | Reached skill level 10 in Axes
  5354 | D:9      | Reached ** piety under Makhleb
  5981 | D:9      | Found a staircase to the Lair.
  6047 | D:10     | Entered Level 10 of the Dungeon
  6063 | D:10     | Noticed a manticore
  6117 | D:10     | Killed a manticore
  6117 | D:10     | Reached XP level 11. HP: 99/106 MP: 6/6
  6507 | D:10     | Reached *** piety under Makhleb
  6642 | D:11     | Reached skill level 5 in Invocations
  6643 | D:11     | Reached skill level 5 in Evocations
  6655 | D:11     | Found Miw Gohytt's Distillery.
  6749 | D:11     | Noticed a two-headed ogre
  6759 | D:11     | Killed a two-headed ogre
  6881 | D:11     | Noticed a death knight
  6914 | D:11     | Killed a death knight
  7254 | D:12     | Noticed a two-headed ogre
  7266 | D:12     | Killed a two-headed ogre
  7266 | D:12     | Reached skill level 10 in Fighting
  7338 | D:12     | Found a flickering gateway to a bazaar.
  7361 | Bazaar   | Entered a bazaar
  7374 | Bazaar   | Found Bofuwulu's Gadget Shoppe.
  7374 | Bazaar   | Found Vywetegri's General Store.
  7408 | Bazaar   | Found Mownyul's Armour Emporium.
  7408 | Bazaar   | Found Inioguelo's Magic Scroll Emporium.
  7426 | Bazaar   | Bought a scroll of enchant weapon for 60 gold pieces
  7457 | Bazaar   | Bought a scroll of enchant armour for 67 gold pieces
  7476 | Bazaar   | Bought a +2 pair of boots for 148 gold pieces
  7618 | D:12     | Noticed Psyche
  7628 | D:12     | Killed Psyche
  7636 | D:12     | Reached XP level 12. HP: 57/116 MP: 8/8
  7686 | D:12     | Reached **** piety under Makhleb
  7704 | D:12     | Found a staircase to the Orcish Mines.
  7716 | D:12     | Found Fairgh's Weapon Shop.
  8183 | D:13     | Noticed a centaur warrior
  8191 | D:13     | Killed a centaur warrior
  8290 | D:13     | Reached ***** piety under Makhleb
  8306 | D:13     | Found a gate leading to a gauntlet.
  8334 | Gauntlet | Entered a Gauntlet
  8334 | Gauntlet | Found a transporter.
  8334 | Gauntlet | Found a large runed translucent door.
  8334 | Gauntlet | Found a large runed translucent door.
  8334 | Gauntlet | Found a large runed translucent door.
  8334 | Gauntlet | Found a large runed translucent door.
  8334 | Gauntlet | Found a runed translucent door.
  8334 | Gauntlet | Found a runed translucent door.
  8334 | Gauntlet | Found a large runed translucent door.
  8334 | Gauntlet | Found a large runed translucent door.
  8334 | Gauntlet | Found a large runed translucent door.
  8334 | Gauntlet | Found a large runed translucent door.
  8334 | Gauntlet | Found a large runed translucent door.
  8334 | Gauntlet | Found a large runed translucent door.
  8335 | Gauntlet | Found a large runed translucent door.
  8335 | Gauntlet | Found a large runed translucent door.
  8343 | Gauntlet | Found a transporter.
  8344 | Gauntlet | Noticed a death ooze
  8358 | Gauntlet | Found a transporter.
  8363 | Gauntlet | Found a transporter.
  8378 | Gauntlet | Found a transporter.
  8397 | Gauntlet | Found a transporter.
  8409 | Gauntlet | Found a transporter.
  8415 | Gauntlet | Found a transporter.
  8430 | Gauntlet | Found a transporter.
  8430 | Gauntlet | Noticed a six-headed hydra
  8436 | Gauntlet | Found a transporter.
  8451 | Gauntlet | Found a transporter.
  8463 | Gauntlet | Found a transporter.
  8463 | Gauntlet | Noticed a great orb of eyes
  8482 | Gauntlet | Found a transporter.
  8497 | Gauntlet | Found a transporter.
  8499 | Gauntlet | Found a transporter.
  8517 | Gauntlet | Found a large runed translucent door.
  8518 | Gauntlet | Found a large runed translucent door.
  8522 | Gauntlet | Found a runed translucent gate.
  8522 | Gauntlet | Found a runed translucent gate.
  8522 | Gauntlet | Found a runed translucent gate.
  8524 | Gauntlet | Found a transporter.
  8526 | Gauntlet | Found a transporter.
  8532 | Gauntlet | Found a large runed translucent door.
  8533 | Gauntlet | Found a large runed translucent door.
  8564 | Gauntlet | Found a transporter.
  8593 | Gauntlet | Killed a death ooze
  8648 | Gauntlet | Got a glimmering helmet
  8662 | Gauntlet | Identified the +1 helmet of Xawatim {rN+ Int-4 Stlth+} (You
                  | found it in a Gauntlet)
  8696 | Gauntlet | Noticed a minotaur
  8706 | Gauntlet | Killed a minotaur
  8714 | Gauntlet | Identified Sif Muna's Catalogue of Blistering Bewitchment
  9253 | D:13     | Noticed a catoblepas
  9334 | D:13     | Killed a catoblepas
  9334 | D:13     | Reached XP level 13. HP: 127/127 MP: 11/11
  9448 | D:14     | Found a frozen archway.
  9606 | D:14     | Found a gate to the Vaults.
  9707 | D:14     | Reached skill level 10 in Armour
  9790 | D:14     | Reached skill level 5 in Shields
  9969 | D:15     | Entered Level 15 of the Dungeon
 10024 | D:15     | Noticed Agnes
 10047 | D:15     | Killed Agnes
 10125 | D:15     | Reached ****** piety under Makhleb
 10168 | D:15     | Gained mutation: You resist negative energy. (rN+) [Deep
                  | Dwarf growth]
 10168 | D:15     | Reached XP level 14. HP: 138/138 MP: 13/13
 10216 | D:15     | Found a staircase to the Depths.
 10535 | D:15     | Identified Roxanne's Volume of Changing
 10535 | D:15     | Noticed Roxanne
 11028 | Lair:1   | Entered Level 1 of the Lair of Beasts
 11029 | Lair:1   | Acquired a manual of Fighting
 11034 | Lair:1   | Reached skill level 15 in Axes
 11034 | Lair:1   | Reached XP level 15. HP: 126/146 MP: 13/13
 11095 | Lair:1   | Found a bloodstained altar of Trog.
 11095 | Lair:1   | Noticed Dollipek's ghost (journeyman FoFi)
 11102 | Lair:1   | Found a transporter.
 11107 | Lair:1   | Found a transporter.
 11336 | Lair:1   | Reached skill level 10 in Evocations
 11526 | Lair:2   | Found a broken altar of Ashenzari.
 11536 | Lair:2   | Reached skill level 10 in Invocations
 11687 | Lair:2   | Noticed Harold
 11700 | Lair:2   | Killed Harold
 11700 | Lair:2   | Reached skill level 10 in Dodging
 12146 | Lair:3   | Found a hole to the Spider Nest.
 12147 | Lair:3   | Noticed Urug
 12172 | Lair:3   | Killed Urug
 13052 | Lair:4   | Noticed Rupert
 13060 | Lair:4   | Paralysed by Rupert for 5 turns
 13081 | Lair:4   | Killed Rupert
 13102 | Lair:4   | Found a staircase to the Swamp.
 13153 | Swamp:1  | Entered Level 1 of the Swamp
 13424 | Orc:1    | Entered Level 1 of the Orcish Mines
 13424 | Orc:1    | Noticed Snorg
 13433 | Orc:1    | Noticed an orc warlord
 13443 | Orc:1    | Killed Snorg
 13467 | Orc:1    | Killed an orc warlord
 13539 | Orc:1    | Noticed Uclu's ghost (journeyman DDFi)
 13540 | Orc:1    | Found a transporter.
 13540 | Orc:1    | Found a transporter.
 13958 | Orc:2    | Entered Level 2 of the Orcish Mines
 13968 | Orc:2    | Found a staircase to the Elven Halls.
 14384 | Orc:2    | Found Tief's Weapon Shoppe.
 14440 | Orc:2    | Reached XP level 16. HP: 113/158 MP: 14/14
 14484 | Orc:2    | Found Ofop's Book Shop.
 14490 | Orc:2    | Found Qeipamu's Antique Weapon Shop.
 14492 | Orc:2    | Found Medeckuh's General Store.
 14500 | Orc:2    | Bought 2 potions of mutation for 160 gold pieces
 14744 | Orc:2    | Lost mutation: You occasionally shout uncontrollably at
                  | your foes. [potion of mutation]
 14744 | Orc:2    | Lost mutation: You expend magic power (3 MP) to strengthen
                  | your wands. [potion of mutation]
 14744 | Orc:2    | Gained mutation: You tend to lose your temper in combat.
                  | [potion of mutation]
 14744 | Orc:2    | Gained mutation: Your body sometimes deteriorates upon
                  | taking damage. [potion of mutation]
 14744 | Orc:2    | Gained mutation: You are somewhat resistant to further
                  | mutation. [potion of mutation]
 14745 | Orc:2    | Lost mutation: Your body sometimes deteriorates upon taking
                  | damage. [potion of mutation]
 14745 | Orc:2    | Lost mutation: You tend to lose your temper in combat.
                  | [potion of mutation]
 14745 | Orc:2    | Lost mutation: You are partially covered in thin metallic
                  | scales. (AC +2) [potion of mutation]
 14947 | Lair:1   | Identified the +4 trident "Poamu" {venom, Dex+3}
 15021 | Spider:1 | Entered Level 1 of the Spider Nest
 15686 | Swamp:3  | Noticed Mara
 15697 | Swamp:3  | Noticed Flugslaktarn's illusion
 15725 | Swamp:3  | Noticed Flugslaktarn's illusion
 15758 | Swamp:3  | Killed Mara
 15814 | Swamp:3  | Noticed a thorn hunter
 15840 | Swamp:3  | Killed a thorn hunter
 15878 | Swamp:4  | Entered Level 4 of the Swamp
 15878 | Swamp:4  | Noticed Bai Suzhen
 15908 | Swamp:3  | Killed Bai Suzhen
 16049 | Swamp:4  | Reached skill level 15 in Fighting
 16523 | Swamp:4  | Noticed the 27-headed Lernaean hydra
 16542 | Swamp:4  | Killed the 18-headed Lernaean hydra
 16542 | Swamp:4  | Reached XP level 17. HP: 160/171 MP: 13/13
 16669 | Swamp:4  | Got a decaying rune of Zot
 17578 | Spider:4 | Entered Level 4 of the Spider Nest
 18171 | Spider:4 | Gained mutation: You are clumsy. (Dex -2) [a cacodemon]
 18238 | Spider:4 | Reached skill level 10 in Shields
 18519 | Spider:4 | Got a gossamer rune of Zot
 18933 | Depths:1 | Entered Level 1 of the Depths
 18943 | D:15     | Cast into level 4 of the Abyss (unwielding a weapon of
                  | distortion)
 18966 | Abyss:4  | Gained mutation: You are frail. (-10% HP) [mutagenic glow]
 19131 | Abyss:4  | Gained mutation: You passively map a large area around you.
                  | [Deep Dwarf growth]
 19131 | Abyss:4  | Reached XP level 18. HP: 148/167 MP: 15/15
 19187 | Abyss:4  | Noticed a profane servitor
 19202 | Abyss:4  | Killed a profane servitor
 19241 | Abyss:4  | Found a viscous altar of Jiyva.
 19295 | Abyss:4  | Found a viscous altar of Jiyva.
 19298 | Abyss:4  | Paralysed by accursed screaming for 2 turns
 19330 | Abyss:4  | Found a viscous altar of Jiyva.
 19384 | Abyss:4  | Paralysed by accursed screaming for 1 turns
 19452 | Abyss:4  | Got an abyssal rune of Zot
 19457 | D:15     | Escaped the Abyss
 19467 | Depths:1 | You fall into a shaft and drop 1 floor!
 19762 | Depths:3 | Found a runed translucent gate.
 19762 | Depths:3 | Found a runed translucent gate.
 19762 | Depths:3 | Found a runed translucent gate.
 19777 | Depths:3 | Noticed zikan's ghost (veteran DsFi)
 19837 | Depths:3 | Noticed a Tzitzimitl
 19840 | Depths:3 | HP: 7/169 [tengu reaver/bolt of lightning (30)]
 19841 | Depths:3 | Slain by a balrug

Illustrated notes

Levels and vault maps discovered:
D:1:      shiori_arrival_oz, layout_basic, corexii_item_surrounded_by_moat
D:2:      layout_basic, marbit_many_paths, kennysheep_slug_shrine,
          grunt_temple_overflow_diamond, nicolae_dithmenos_shadow_blocks
D:3:      layout_loops_ring, zin_treasury, nicolae_ru_great_annihilating_truth
D:4:      layout_loops_cross, biasface_ghost_orc_armoury,
          kennysheep_flooded_box, chequers_mini_garden, uniq_edmund
D:5:      layout_basic, serial_shops, nicolae_shop_trees, trog_hazing_becter,
          uniq_ijyb
D:6:      layout_loops_ring, uniq_prince_ribbit1, uniq_maggie, uniq_grinder
D:7:      layout_basic, grunt_temple_overflow_growth_and_decay,
          nicolae_overflow_hidden_temple, nicolae_qazlal_eye_of_the_storm,
          minmay_temple_entry_offerings, uniq_menkaure
D:8:      corexii_shack_village, layout_loops_cross, serial_shops, shop,
          uniq_joseph, uniq_maurice
D:9:      layout_grid_maze, david_lair_shrubbed, minmay_lizard_king
D:10:     layout_roguey, nrook_pool_corridor, minmay_mirror_moons_of_madness
D:11:     layout_roguey, serial_shops, nicolae_shop_waterfront, hex_tiny
D:12:     layout_roguey, orc_david_3, serial_shops, bzr_entry_lakeside,
          minivault_1, uniq_psyche
D:13:     layout_long_grid, gauntlet_entry_generic, special_room
          [special_room_bee], argonaut_gorgonesque
D:14:     layout_big_octagon, david_vaults_4, portal_ice_cave_entry_pillars_2
D:15:     gammafunk_depths_entry_grave, layout_loops_cross,
          hangedman_decor_lopped, uniq_agnes, uniq_roxanne
Temple:   minmay_temple_curvy_loop
Lair:1:   layout_cave_pods, gammafunk_ghost_wrathful_warriors,
          patterned_corridor
Lair:2:   layout_hall_layers, basic_altar, serial_bayou_pond_a, uniq_harold
Lair:3:   layout_hall_layers, nicolae_spider_entry_tight_spaces,
          minmay_lair_oklob_chamber, lemuel_fruit_tree, uniq_urug
Lair:4:   layout_gridlike, swamp_mist_pool, minmay_lair_oklob_items,
          lemuel_fruit_fields, infiniplex_staircase_pool_2,
          serial_bayou_shore_a, uniq_rupert
Swamp:1:  layout_falls_marsh, nicolae_swamp_treefoil, swamp_pool4
Swamp:2:  layout_basic_swamp, evilmike_swamp_ruin_house_4, swamp_pool3,
          st_swamp_ruins_4
Swamp:3:  gammafunk_worm_tunnel, layout_falls_marsh,
          nicolae_swamp_trees_clearing, uniq_mara
Swamp:4:  swamp_old_school, layout_basic_swamp, swamp_pool5, uniq_bai_suzhen
Spider:1: cheibrodos_forgotten_conduit, hangedman_spider_tarantella_strand
Spider:2: layout_spider_delve, special_room
Spider:3: layout_chambers
Spider:4: guppyfry_spider_rune, nicolae_spider_cling_ruins
Orc:1:    layout_caves, gammafunk_ghost_arena, uniq_snorg
Orc:2:    st_orc_elflike, layout_diamond_mine
Depths:1: layout_basic, enter_ziggurat_a, minmay_misc_feat_doors, serial_shops,
          nicolae_shop_statue_plus, hell_entry, minmay_gold_behind_fungi,
          chequers_serial_rivers_small_a, hangedman_decor_diamond_cutter,
          minivault_22, grunt_decor_arrowhead, lemuel_flamethrower_3,
          infiniplex_staircase_pool_lava
Depths:2: lemuel_river_lethe, hell_entry
Depths:3: evilmike_lava_path, layout_cave_shapes, rand_demon_pan_entry_1,
          grunt_hell_entry_dis_grunt, minmay_misc_feat_secret_circle,
          gammafunk_ghost_ooze

Skill      XL: |  1  2  3  4  5  6  7  8  9 10 11 12 13 14 15 16 17 18 |
---------------+-------------------------------------------------------+-----
Fighting       | 3 4 5 6 8 9 10 11 12 13 15 17 18 | 18.0
Axes           | 3 4 5 6 7 9 10 11 12 13 15 16 17 18 | 18.0
Armour         | 4 5 6 7 8 9 10 11 12 13 14 | 14.0
Shields        | 4 5 6 7 9 10 11 | 11.5
Dodging        | 2 4 5 6 7 8 9 10 11 | 11.0
Invocations    | 2 4 6 8 9 10 12 13 14 | 14.5
Evocations     | 2 4 6 8 9 10 | 10.0

Action                   |  1- 3 |  4- 6 |  7- 9 | 10-12 | 13-15 | 16-18 || total
-------------------------+-------+-------+-------+-------+-------+-------++-------
Melee: War axe           |    64 |   333 |   495 |   707 |   481 |       ||  2080
       Broad axe         |       |       |       |       |   275 |  1404 ||  1679
Invok: Lesser Servant of |       |       |       |       |     3 |     1 ||     4
       Greater Servant o |       |       |       |       |       |     4 ||     4
 Abil: Heal Wounds       |       |    10 |    18 |    10 |     4 |    28 ||    70
Evoke: Wand              |       |       |       |     4 |       |     3 ||     7
       Condenser vane    |       |       |       |       |     4 |     4 ||     8
  Use: Scroll            |       |     5 |       |    18 |    13 |     2 ||    38
       Potion            |       |     2 |       |     5 |     1 |     9 ||    17
 Stab: Invisible         |     1 |       |       |       |       |       ||     1
       Distracted        |       |       |       |       |     1 |     4 ||     5
Armor: Scale mail        |    35 |   172 |       |       |       |       ||   207
       Chain mail        |       |     8 |   236 |   403 |   396 |   477 ||  1520
       Plate armour      |       |       |       |       |       |   833 ||   833
Dodge: Dodged            |    24 |   134 |   146 |   283 |   321 |   807 ||  1715
Block: Kite shield       |    35 |   264 |   295 |   396 |   458 |  1289 ||  2737
       Reflection        |       |       |       |       |    15 |    16 ||    31

Table legend: (Time is in decaauts)
 A = Elapsed time spent in this place.
 B = Non-inter-level travel time spent in this place.
 C = Inter-level travel time spent in this place.
 D = Time resting spent in this place.
 E = Time spent auto-exploring this place.
 F = Levels seen in this place.
 G = Mean time per level.
                   A        B        C        D        E       F      G
               +--------+--------+--------+--------+--------+-----+--------+
         Total |  19878 |  16956 |   2922 |     82 |  10826 |  36 |  552.2 |
       Dungeon |  11540 |   9998 |   1542 |     50 |   6528 |  15 |  769.3 |
        Temple |    182 |    113 |     69 |      0 |    111 |   1 |  182.0 |
          Lair |   2887 |   2015 |    872 |     20 |   1607 |   4 |  721.8 |
         Swamp |   1319 |   1123 |    196 |      0 |    561 |   4 |  329.8 |
   Spider Nest |   1274 |   1115 |    159 |      0 |    590 |   4 |  318.5 |
  Orcish Mines |   1354 |   1284 |     70 |      0 |    888 |   2 |  677.0 |
        Depths |    357 |    345 |     12 |      0 |    182 |   3 |  119.0 |
         Abyss |    437 |    437 |      0 |      0 |     80 |   1 |  437.0 |
        Bazaar |    137 |    137 |      0 |      0 |     82 |   1 |  137.0 |
      Gauntlet |    386 |    386 |      0 |     12 |    194 |   1 |  386.0 |
               +--------+--------+--------+--------+--------+-----+--------+

Top non-repeatable levels by time:
     D:9: 1323 daAuts
     D:4: 1179 daAuts
     D:7: 1061 daAuts
    D:13: 1061 daAuts
    D:12: 902 daAuts
     D:5: 890 daAuts
    D:15: 885 daAuts
    D:11: 863 daAuts
  Lair:2: 852 daAuts
     D:6: 842 daAuts
 Swamp:4: 836 daAuts
     D:8: 823 daAuts
   Orc:2: 808 daAuts
  Lair:1: 763 daAuts
Spider:4: 718 daAuts
